 Dungeon Crawl Stone Soup version 0.23.2-1-ga50397a6bc (webtiles) character file.

Game seed: 6929178358026685628

51 Gumption the Firebug (level 3, -2/26 HPs)
             Began as a Draconian Fire Elementalist on May 31, 2019.
             Slain by an orc wizard
             ... wielding a +0 dagger
              (4 damage)
             ... on level 2 of the Dungeon.
             The game lasted 00:16:02 (2012 turns).

Gumption the Firebug (Draconian Fire Elementalist)  Turns: 2012, Time: 00:16:02

Health: -2/26      AC:  5    Str: 10    XL:     3   Next: 58%
Magic:  6/6        EV: 12    Int: 16    God:
Gold:   96         SH:  0    Dex: 11    Spells: 5/6 levels left

rFire    . . .     SeeInvis .   a - +0 dagger
rCold    . . .     Gourm    .   (no shield)
rNeg     . . .     Faith    .   (armour unavailable)
rPois    .         Spirit   .   (helmet restricted)
rElec    .         Reflect  .   (no cloak)
rCorr    .         Harm     .   (no gloves)
MR       .....                  (no boots)
Stlth    +.........             (no amulet)
HPRegen  0.08/turn              (no ring)
MPRegen  0.10/turn              (no ring)

@: confused
A: unfitting armour, cold-blooded, AC +5
a: no special abilities


You were on level 2 of the Dungeon.
You were not hungry.

You visited 1 branch of the dungeon, and saw 2 of its levels.

You collected 96 gold pieces.

Inventory:

Hand Weapons
 a - a +0 dagger (weapon)
Missiles
 c - 9 tomahawks (quivered)
 d - 96 stones
Armour
 l - a +0 large shield
Jewellery
 g - a +5 ring of strength {unknown}
 i - an uncursed ring of fire {unknown}
Scrolls
 e - a scroll of magic mapping {unknown}
 f - 2 scrolls of remove curse {unknown}
 j - 2 scrolls of immolation {unknown}
Potions
 h - a potion of heal wounds {unknown}
 k - a potion of ambrosia
 m - a potion of degeneration {unknown}
 n - a potion of flight {unknown}
Comestibles
 b - 5 rations


   Skills:
 - Level 1.7 Dodging
 - Level 1.7 Stealth
 + Level 2.3 Spellcasting
 * Level 2.2 Conjurations
 * Level 3.7 Fire Magic


You had 5 spell levels left.
You knew the following spells:

 Your Spells              Type           Power        Failure   Level  Hunger
a - Flame Tongue          Conj/Fire      ##...        6%          1    #......

Your spell library contained the following spells:

 Spells                   Type           Power        Failure   Level  Hunger
 Throw Flame              Conj/Fire      ##....       9%          2    ###....
 Conjure Flame            Conj/Fire      ##......     17%         3    ###....
 Inner Flame              Hex/Fire       #.......     28%         3    ###....
 Sticky Flame             Conj/Fire      ##......     50%         4    #####..
 Fireball                 Conj/Fire      ##........   85%         5    ######.


Dungeon Overview and Level Annotations

Branches:
Dungeon (2/15)

Altars:
Fedhas
The Shining One


Innate Abilities, Weirdness & Mutations

Your plain brown scales are hard. (AC +5)
You cannot fit into any form of body armour.
You are cold-blooded and may be slowed by cold attacks.


Message History

You're too confused to move!
The orc wizard hits you but does no damage.
You feel less confused.
The orc wizard casts a spell.
The orc wizard flickers and vanishes!
Deactivating autopickup; reactivate with Ctrl-A.
Something hits you!
* * * LOW HITPOINT WARNING * * *
You hit something but do no damage.
You hear some strange, mumbled words.
Something tries to affect you, but you resist.
You barely miss something. Something hits you.
* * * LOW HITPOINT WARNING * * *
You hear some strange, mumbled words.
You are confused.
You hear some strange, mumbled words.
You are more confused.
There is a stone staircase leading up here.
You bump into the rock wall.
Something hits you.
You die...

.## ###...# ..## ###....# #..#
##### ######...# #..#
#...#####......### .
#..###............#########...
#.............................
...###............##.#..#.##..
.....#..<.........##...##.##
####.....#####..@..#.#......
##......#######......#.##
##.......# ##.........
#....##.######........#.
####.##...##>......#....
#.####..).....###....
#.......÷.^........#. ###
####÷................
..##########.................


There were no monsters in sight!

Vanquished Creatures
  An ooze (D:1)
  A worm (D:2)
  A dart slug (D:1)
  An orc (D:2)
  5 giant cockroaches
  7 goblins
  5 hobgoblins (D:1)
  6 jackals (D:1)
  2 bats
  3 frilled lizards
  A kobold (D:2)
  3 rats
36 creatures vanquished.

Notes
Turn   | Place    | Note
-------+----------+-------------------------------------------
     0 | D:1      | Gumption the Draconian Fire Elementalist began the quest
                  | for the Orb.
     0 | D:1      | Reached XP level 1. HP: 14/14 MP: 3/3
   167 | D:1      | Reached XP level 2. HP: 20/20 MP: 1/5
   869 | D:1      | Reached XP level 3. HP: 26/26 MP: 3/6
  1754 | D:2      | Found a blossoming altar of Fedhas.
  1755 | D:2      | Found a glowing golden altar of the Shining One.
  2005 | D:2      | HP: 1/26 [something (1)]
  2012 | D:2      | Slain by an orc wizard

Skill      XL: |  1  2 |
---------------+-------+-----
Conjurations   | 2 |  2.2
Dodging        | |  1.7
Stealth        | |  1.7
Spellcasting   | |  2.3
Fire Magic     | |  3.7

Action                   || total
-------------------------++-------
Melee: Dagger            ||    44
       Tailslap          ||     5
Throw: Tomahawk          ||    35
 Cast: Flame Tongue      ||    61
  Use: Potion            ||     1
 Stab: Sleeping          ||     1
  Eat: Chunk             ||     4
Armor: Skin              ||    29
Dodge: Dodged            ||    50
